 Dungeon Crawl Stone Soup version 0.27.0-1-g7a089689b8 (webtiles) character file.

Game seed: 14324247661150628378

1553 Spaninq the Slicer (level 9, -4/55 HPs)
             Began as a Kobold Gladiator on Aug 6, 2021.
             Slain by an unseen horror (5 damage)
             ... on level 6 of the Dungeon.
             The game lasted 00:16:13 (6732 turns).

Spaninq the Slicer (Kobold Gladiator)               Turns: 6732, Time: 00:16:13

Health: -4/55      AC:  7    Str: 17    XL:     9   Next: 12%
Magic:  9/9        EV: 17    Int: 10    God:
Gold:   245        SH:  5    Dex: 16    Spells: 8/8 levels left

rFire    . . .     SeeInvis .   a - +1 rapier (elec)
rCold    + + .     Faith    .   (shield restricted)
rNeg     . . .     Spirit   .   p - +1 leather armour of Hepliaklqana's Regard {rElec rC+ Str+3 Slay+2}
rPois    .         Reflect  +   c - +1 helmet
rElec    +         Harm     .   h - +0 cloak
rCorr    .         Rampage  .   (no gloves)
Will     .....                  (no boots)
Stlth    ++........             t - amulet of reflection
HPRegen  0.18/turn              w - ring of protection from cold
MPRegen  0.11/turn              (no ring)

@: studying Maces & Flails
A: small, no large weapons, nightstalker 3
a: no special abilities


You were on level 6 of the Dungeon.
You visited 1 branch of the dungeon, and saw 7 of its levels.

You collected 245 gold pieces.

Inventory:

Hand Weapons
 a - a +1 rapier of electrocution (weapon)
Missiles
 o - 82 bolts
Armour
 c - a +1 helmet (worn)
 h - a +0 cloak (worn)
 n - a +0 plate armour
 p - the +1 leather armour of Hepliaklqana's Regard (worn) {rElec rC+ Str+3 Slay+2}
   (You found it on level 5 of the Dungeon)

   Str:       It affects your strength (+3).
   Slay:      It affects your accuracy & damage with ranged weapons and melee
   (+2).
   rC:        It protects you from cold.
   rElec:     It insulates you from electricity.
Jewellery
 l - a ring of flight
 t - an amulet of reflection (around neck)
 w - a ring of protection from cold (left hand)
Scrolls
 e - 4 scrolls of magic mapping
 f - a scroll of holy word
 j - a scroll of fear
 m - a scroll of enchant armour
Potions
 b - a potion of mutation
 d - 2 potions of brilliance
 g - a potion of might {unknown}
 i - a potion of berserk rage {unknown}
 k - a potion of flight {unknown}
 q - a potion of invisibility {unknown}
 r - a potion of attraction {unknown}
 u - 2 potions of curing
 v - a potion of lignification {unknown}
 z - a potion of resistance


   Skills:
 + Level 5.6 Fighting
 * Level 9.7 Short Blades
 - Level 2.1 Throwing
 + Level 3.8 Armour
 + Level 6.8 Dodging


You had 8 spell levels left.
You didn't know any spells.
Your spell library contained the following spells:

 Spells                   Type           Power      Damage    Failure   Level
 Animate Skeleton         Necr           0%         N/A       41%         1
 Pain                     Necr           0%         1d4       41%         1
 Sting                    Tmut/Pois      0%         1d3       41%         1
 Summon Small Mammal      Summ           0%         N/A       41%         1
 Poisonous Vapours        Pois/Air       0%         N/A       56%         2
 Slow                     Hex            0%         N/A       56%         2
 Call Canine Familiar     Summ           0%         N/A       80%         3
 Confusing Touch          Hex            0%         N/A       80%         3
 Portal Projectile        Hex/Tloc       0%         N/A       80%         3
 Summon Guardian Golem    Hex/Summ       0%         N/A       80%         3
 Vampiric Draining        Necr           0%         2d6       80%         3
 Leda's Liquefaction      Hex/Erth       0%         N/A       99%         4
 Olgreb's Toxic Radiance  Pois           0%         N/A       99%         4
 Yara's Violent Unravell  Hex/Tmut       0%         3d3       100%        5


Dungeon Overview and Level Annotations

Branches:
Dungeon (7/15)
 Temple: D:4-7

Altars:
Uskayaw

Annotations:
D:6 horror
D:7 Dowan, Duvessa


Innate Abilities, Weirdness & Mutations

You are small and have problems with some larger weapons.
You are completely attuned to the shadows.


Message History

Level annotation: horror
There is a stone staircase leading down here.
You start resting.
HP restored.
Something hits you.
Deactivating autopickup; reactivate with Ctrl-A.
You puncture something! Lightning courses through something!
Something hits you. Something hits you but does no damage. Something hits you!
Something hits you but does no damage.
You hit something but do no damage. Something barely misses you.
Something hits you but does no damage. x2
You barely miss something. Something hits you! Something hits you.
Something hits you but does no damage. Something hits you but does no damage.
Something hits you! You block something's attack. Something barely misses you.
You closely miss something. Something closely misses you.
You block something's attack. Something hits you but does no damage.
Something hits you. Something hits you.
* * * LOW HITPOINT WARNING * * *
You feel much better. Something hits you! x2
You miss something. Something hits you.
You hit something. Something hits you. x2
You closely miss something. Something hits you!
* * * LOW HITPOINT WARNING * * *
Something hits you.
* * * LOW HITPOINT WARNING * * *
Something hits you but does no damage. Something hits you.
* * * LOW HITPOINT WARNING * * *
Something hits you.
* * * LOW HITPOINT WARNING * * *
Something hits you.
You die...

#.# ##..#......## ##.# #.# #.#
##..#.......# #.###.# #.#
#...#.[.....# #.##..# #.#
#.#.#.......## #.##.## #.#
#.#.#..).....# #....## #.#
#.#.####.###.## #..#### #.#
#.#...##.# #..# #....## #.#
##.###.##.# ##.#####>##.##
#.###..# #.##@# #.)##...##.##
#..##.## #....# #...........#
##..#.# ####..####.........#.#
###...# #........#.........#(.
#.....# #<....................
##.....# #............>.....#..
##.†....###....<.<...........#..
##........##........#.......).#..
#........................######..


There were no monsters in sight!

Vanquished Creatures
  A spriggan (D:7)
  Edmund (D:6)
  An orc warrior (D:7)
  3 sky beasts
  2 ogres
  An ice beast (D:7)
  A phantom (D:6)
  A scorpion (D:5)
  A jelly (D:5)
  4 hounds
  5 orc priests
  3 iguanas
  An orc wizard (D:4)
  2 howler monkey skeletons
  4 adders
  A white imp (D:6)
  An ufetubus (D:4)
  An adder skeleton (D:4)
  2 worms
  A dart slug (D:3)
  14 orcs
  6 endoplasms
  A giant cockroach (D:2)
  4 goblins
  2 hobgoblins
  4 jackals (D:1)
  7 kobolds
  A quokka (D:3)
  3 ball pythons
  10 bats
  A frilled lizard (D:2)
  A jackal skeleton (D:4)
  4 rats
95 creatures vanquished.

Notes
Turn   | Place    | Note
-------+----------+-------------------------------------------
     0 | D:1      | Spaninq the Kobold Gladiator began the quest for the Orb.
     0 | D:1      | Reached XP level 1. HP: 12/12 MP: 1/1
    90 | D:1      | Found a faded altar of an unknown god.
   203 | D:1      | Reached XP level 2. HP: 18/18 MP: 2/2
   596 | D:1      | Reached XP level 3. HP: 19/22 MP: 3/3
  1826 | D:3      | Reached XP level 4. HP: 27/27 MP: 4/4
  1831 | D:3      | Reached skill level 1 in Armour
  1834 | D:3      | Found a hide-covered altar of Uskayaw.
  1837 | D:3      | Reached skill level 5 in Short Blades
  2737 | D:4      | Reached XP level 5. HP: 30/32 MP: 5/5
  3330 | D:4      | Reached skill level 6 in Short Blades
  3421 | D:4      | Reached XP level 6. HP: 32/37 MP: 6/6
  3730 | D:5      | Entered Level 5 of the Dungeon
  3867 | D:5      | Reached skill level 5 in Dodging
  4242 | D:5      | Reached XP level 7. HP: 42/42 MP: 7/7
  4319 | D:5      | Reached skill level 7 in Short Blades
  4566 | D:5      | Identified the +1 leather armour of Hepliaklqana's Regard
                  | {rElec rC+ Str+3 Slay+2}
  4900 | D:6      | HP: 2/43 [something (7)]
  5229 | D:6      | Noticed Edmund
  5239 | D:6      | Killed Edmund
  5240 | D:6      | Reached skill level 8 in Short Blades
  5240 | D:6      | Reached XP level 8. HP: 44/48 MP: 8/8
  5766 | D:7      | Noticed a two-headed ogre
  5861 | D:7      | HP: 2/48 [two-headed ogre (10)]
  6198 | D:7      | Reached skill level 5 in Fighting
  6414 | D:7      | Reached skill level 9 in Short Blades
  6494 | D:7      | Reached XP level 9. HP: 54/54 MP: 9/9
  6510 | D:7      | Noticed Dowan
  6511 | D:7      | Noticed a two-headed ogre
  6511 | D:7      | Noticed a two-headed ogre
  6511 | D:7      | Noticed Duvessa
  6730 | D:6      | HP: 2/55 [something (2)]
  6732 | D:6      | Slain by an unseen horror

Illustrated notes

Levels and vault maps discovered:
D:1:      dpeg_arrival_arbitrary_b, layout_basic,
          hellmonk_ecumenical_altar_arch_garden, minmay_statues_item
D:2:      layout_rooms, minmay_misc_feat_columns
D:3:      layout_loops_ring, eat_drink_and_be_merry_uskayaw
D:4:      layout_rooms
D:5:      layout_basic
D:6:      layout_rooms, uniq_edmund
D:7:      layout_loops_ring, minmay_temple_entry_grid,
          hellmonk_guarded_unrand_gyre_and_gimble, uniq_duvessa

Skill      XL: |  1  2  3  4  5  6  7  8 |
---------------+-------------------------+-----
Dodging        | 4 5 6 |  6.8
Armour         | 1 2 3 |  3.8
Short Blades   | 5 6 8 9 |  9.7
Fighting       | 3 4 5 |  5.6
Throwing       | |  2.1

Action                   |  1- 3 |  4- 6 |  7- 9 || total
-------------------------+-------+-------+-------++-------
Melee: Rapier            |   101 |   144 |   119 ||   364
  Use: Scroll            |       |    11 |     5 ||    16
       Potion            |       |       |     2 ||     2
 Stab: Sleeping          |     8 |     6 |     5 ||    19
       Distracted        |       |     1 |       ||     1
Armor: Leather armour    |     7 |       |    25 ||    32
       Ring mail         |    12 |    40 |     5 ||    57
Dodge: Dodged            |    52 |    69 |    60 ||   181
Block: Other             |       |    20 |    18 ||    38
       Reflection        |       |     1 |     2 ||     3
